 Dungeon Crawl Stone Soup version 0.21-a0-348-ga060c75 (webtiles) character file.

22801 Gremour the Fighter (level 13, -6/113 HPs)
             Began as a Gnoll Fighter on Oct 6, 2017.
             Was a High Priest of Okawaru.
             Mangled by a chaos spawn (10 damage)
             ... summoned by an orc sorcerer
             ... while paralysed by an orc sorcerer
             ... on level 2 of the Orcish Mines.
             The game lasted 01:41:36 (12981 turns).

Gremour the Fighter (Gnoll Fighter)                Turns: 12981, Time: 01:41:38

Health: -6/113     AC: 11    Str: 24    XL:     13   Next: 2%
Magic:  0/27       EV:  2    Int: 14    God:    Okawaru [*****.]
Gold:   1106       SH:  0    Dex: 21    Spells: 15/27 levels left

rFire    + + .     SeeInvis +   b - +2 falchion (elec)
rCold    . . .     Gourm    .   S - +2 buckler "Dont" {+Inv rF+ Int+3}
rNeg     . . .     Faith    .   C - +3 leather armour {rF+}
rPois    .         Spirit   +   (no helmet)
rElec    .         Reflect  .   n - scarf {Spirit}
rCorr    .         Harm     .   d - +2 pair of gloves
MR       .....     Rnd*Tele +   (no boots)
Stlth    +++++.....             (no amulet)
HPRegen  0.28/turn              r - +5 ring of strength
MPRegen  0.20/turn              w - ring of see invisible

@: paralysed, heroism, very slightly contaminated, invisible (expiring)
A: distributed training, fangs 1, agile 1, high mp 1, robust 1, teleportitis 1,
MP-powered wands, strong nose
a: Heroism, Finesse, Renounce Religion


You were on level 2 of the Orcish Mines.
You worshipped Okawaru.
Okawaru was extremely pleased with you.
You were not hungry.

You visited 3 branches of the dungeon, and saw 15 of its levels.
You also visited: Ossuary.

You collected 1262 gold pieces.
You spent 156 gold pieces at shops.

Inventory:

Hand Weapons
 a - a +3 great sword
 b - a +2 falchion of electrocution (weapon)
 y - a +3 flail of holy wrath
Missiles
 L - 8 silver javelins
 W - 7 javelins of penetration (quivered)
Armour
 c - a +1 shield
 d - a +2 pair of gloves (worn)
 n - a scarf of spirit shield (worn)
 q - a +1 plate armour of positive energy
 C - a +3 leather armour of fire resistance (worn)
 S - the +2 buckler "Dont" (worn) {+Inv rF+ Int+3}
   (You acquired it on level 10 of the Dungeon)

   It affects your intelligence (+3).
   It protects you from fire.
   It lets you turn invisible.
Magical Staves
 M - an uncursed staff of energy
Jewellery
 h - a cursed ring of teleportation
 i - an uncursed ring of ice
 r - a +5 ring of strength (left hand)
 s - a +2 ring of intelligence
 u - an uncursed ring of protection from fire
 w - a ring of see invisible (right hand)
 A - a +3 ring of evasion
 N - an uncursed ring of protection from fire
Wands
 l - a wand of iceblast (6/15)
 D - a wand of polymorph (9/24)
 H - a wand of scattershot (0/9)
 J - a wand of confusion (20/48)
 O - a wand of enslavement (5/24)
 R - a wand of confusion (28/48)
 V - a wand of lightning (3/15)
Scrolls
 e - 7 scrolls of teleportation
 j - 6 scrolls of identify
 k - 3 scrolls of amnesia
 x - 2 scrolls of remove curse
 z - 2 scrolls of enchant weapon
 E - 7 scrolls of blinking
 I - 2 scrolls of enchant armour
 U - a scroll of holy word
Potions
 m - 4 potions of curing
 o - a potion of flight
 t - a potion of agility
 K - a potion of ambrosia
 Q - a potion of magic
Books
 v - a book of Unlife

   Spells                             Type                      Level
   a - Recall                         Summoning/Translocation      3
   b - Animate Dead                   Necromancy                   4
   c - Control Undead                 Necromancy                   4
   d - Cigotuvi's Embrace             Necromancy                   5
   e - Death Channel                  Necromancy                   6
   f - Simulacrum                     Ice/Necromancy               6
 B - a book of Transfigurations

   Spells                             Type                      Level
   a - Irradiate                      Conjuration/Transmutation    5
   b - Statue Form                    Transmutation/Earth          6
   c - Hydra Form                     Transmutation                6
   d - Dragon Form                    Transmutation                7
 F - a book of Debilitation

   Spells                             Type                      Level
   a - Corona                         Hexes                        1
   b - Slow                           Hexes                        2
   c - Inner Flame                    Hexes/Fire                   3
   d - Portal Projectile              Hexes/Translocation          3
   e - Cause Fear                     Hexes                        4
   f - Leda's Liquefaction            Hexes/Earth                  4
Comestibles
 f - 12 bread rations
 g - 4 meat rations
 p - 9 fruits
 G - a royal jelly
 P - 6 chunks of flesh


   Skills:
 + Level 10.1(15.1) Fighting
 + Level 7.7(12.7) Short Blades
 + Level 9.0(14.0) Long Blades
 + Level 7.7(12.7) Axes
 + Level 7.7(12.7) Maces & Flails
 + Level 7.7(12.7) Polearms
 + Level 7.7(12.7) Staves
 + Level 7.7(12.7) Slings
 + Level 7.7(12.7) Bows
 + Level 7.7(12.7) Crossbows
 + Level 7.7(12.7) Throwing
 + Level 10.1(15.1) Armour
 + Level 7.7(12.7) Dodging
 + Level 7.7(12.7) Stealth
 + Level 10.1(15.1) Shields
 + Level 7.7(12.7) Unarmed Combat
 + Level 7.7 Spellcasting
 + Level 7.7 Conjurations
 + Level 7.7 Hexes
 + Level 7.7 Charms
 + Level 7.7 Summonings
 + Level 7.7 Necromancy
 + Level 7.7 Translocations
 + Level 7.7 Transmutations
 + Level 7.7 Fire Magic
 + Level 7.7 Ice Magic
 + Level 7.7 Air Magic
 + Level 7.7 Earth Magic
 + Level 7.7 Poison Magic
 + Level 7.7 Invocations
 + Level 7.7 Evocations


You had 15 spell levels left.
You knew the following spells:

 Your Spells              Type           Power        Failure   Level  Hunger
a - Corona                Hex            ####...      1%          1    None
b - Irradiate             Conj/Tmut      ####......   16%         5    #####..
d - Animate Dead          Necr           N/A          6%          4    ####...
s - Slow                  Hex            ####....     1%          2    None


Dungeon Overview and Level Annotations

Branches:
Dungeon (12/15)            Temple (1/1) D:7            Lair (0/6) D:9
    Orc (2/2) D:11            Elf (0/3) Orc:2

Altars:
Ashenzari
Cheibriados
Dithmenos
Elyvilon
Fedhas
Gozag
Hepliaklqana
Kikubaaqudgha
Makhleb
Nemelex Xobeh
Okawaru
Qazlal
Ru
Sif Muna
Trog
Uskayaw
Vehumet
Wu Jian
Xom
Yredelemnul
Zin
The Shining One

Shops:
D:4 *   D:5 !   D:8 *   D:12 *


Innate Abilities, Weirdness & Mutations

Your experience applies equally to all skills.
You have very sharp teeth.
Your uncanny sense of smell can sniff out nearby items.
You are agile. (Dex +2)
You have an increased reservoir of magic. (+10% MP)
You are robust. (+10% HP)
You are occasionally teleported next to monsters.
You expend magic power (3 MP) to strengthen your wands.


Message History

You catch the helpless orc priest completely off-guard!
You hit the orc priest.
Lightning courses through the orc priest!
You kill the orc priest!
Okawaru accepts your kill.
The orc sorcerer mumbles some strange words.
An orc priest comes into view. It is wielding a club.
The orc sorcerer points at you and mumbles some strange words.
The bolt of fire hits you! You resist.
* * * LOW HITPOINT WARNING * * *
An orc warrior comes into view.
It is wielding a scimitar of holy wrath.
The orc sorcerer gestures at you while chanting.
You suddenly lose the ability to move!
An orc wizard comes into view. It is wielding a dagger.
You flicker for a moment.
The orc sorcerer gestures at you while chanting.
The bolt of fire hits you! You resist.
* * * LOW HITPOINT WARNING * * *
The chaos spawn gores you!
You die...

#.............o.....
#.##.............o
#...............
.........o...o..
#.......o.......
................
................
#...[.........
##...@4.......
#.....#......
##....o......
###.#.....#.
####o#.#.# .. ...
... .# ... # ...#


You could see a chaos spawn, an orc sorcerer, an orc warrior (wandering), 2 orc
priests and an orc wizard (wandering).

Vanquished Creatures
  An orc warlord (D:11)
  Snorg (D:12)
  Harold (D:10)
  A two-headed ogre (D:11)
  The ghost of Dominolapin the Grappler, a novice TrAM of the Shining One (D:7)
  The ghost of Nico3ck the Fighter, a novice GnWn of Hepliaklqana (D:8)
  Urug (D:11)
  3 unseen horrors
  An ugly thing (D:11)
  A wolf spider zombie (D:12)
  2 cyclopes (D:12)
  3 orc sorcerers
  A deep elf mage (D:12)
  A manticore (D:11)
  A centaur zombie (D:10)
  A spiny frog (shapeshifter) (D:12)
  A kobold demonologist (D:11)
  5 trolls
  Grinder (D:5)
  3 hippogriffs
  A spriggan (D:7)
  7 yaks
  A wyvern (D:8)
  3 chaos spawn (D:12)
  Eustachio (D:5)
  Edmund (D:5)
  An acid dragon (D:11)
  4 sky beasts
  An eye of draining (D:9)
  2 black bears
  2 ice beasts
  17 orc warriors
  6 ogres
  2 phantoms
  A centaur (D:10)
  2 big kobolds
  11 bullfrogs
  A gnoll sergeant (D:12)
  A wyvern skeleton (D:11)
  3 water moccasin zombies (Ossuary)
  3 scorpions
  3 wights (D:6)
  2 howler monkeys
  7 crimson imps
  A bullfrog zombie (D:7)
  3 jellies
  16 orc priests
  4 hounds
  A quasit (D:12)
  Crazy Yiuf (D:3)
  2 bullfrog skeletons
  A centaur skeleton (D:5)
  31 orc wizards
  Terence (D:2)
  9 worker ants
  2 iguanas
  4 big kobold zombies (Ossuary)
  2 mummies (Ossuary)
  3 worker ant zombies
  7 gnolls
  A howler monkey skeleton (D:9)
  10 adders
  2 shadow imps
  2 oozes (D:3)
  9 adder zombies (Ossuary)
  An adder skeleton (D:5)
  7 leopard geckos
  61 orcs
  4 giant cockroaches
  2 gnoll zombies (Ossuary)
  5 goblins
  6 hobgoblins
  9 jackals
  12 kobolds
  4 quokkas
  A ball python (D:6)
  6 bats
  2 frilled lizards (D:4)
  6 hobgoblin zombies (Ossuary)
  A jackal skeleton (D:7)
  4 kobold zombies (Ossuary)
  3 orc zombies (Ossuary)
  7 rats
367 creatures vanquished.

Vanquished Creatures (collateral kills)
  An ettin (Orc:2)
  An orc wizard (Orc:1)
  2 orcs
4 creatures vanquished.

Vanquished Creatures (others)
  A yak (D:9)
  An orc warrior (D:9)
  2 orc priests
  2 orcs
6 creatures vanquished.

Grand Total: 377 creatures vanquished

Notes
Turn   | Place    | Note
-------+----------+-------------------------------------------
     0 | D:1      | Gremour the Gnoll Fighter began the quest for the Orb.
     0 | D:1      | Reached XP level 1. HP: 23/23 MP: 1/1
   124 | D:1      | Reached XP level 2. HP: 29/29 MP: 2/2
   648 | D:2      | Found a basalt altar of Yredelemnul.
   662 | D:2      | Reached XP level 3. HP: 35/35 MP: 3/3
  1000 | D:2      | Found a shadowy altar of Dithmenos.
  1000 | D:2      | Found a shattered altar of Ashenzari.
  1136 | D:2      | Found a shimmering altar of Xom.
  1307 | D:3      | Reached skill level 1 in Short Blades
  1307 | D:3      | Reached skill level 1 in Axes
  1307 | D:3      | Reached skill level 1 in Maces & Flails
  1307 | D:3      | Reached skill level 1 in Polearms
  1307 | D:3      | Reached skill level 1 in Staves
  1307 | D:3      | Reached skill level 1 in Slings
  1307 | D:3      | Reached skill level 1 in Bows
  1307 | D:3      | Reached skill level 1 in Crossbows
  1307 | D:3      | Reached skill level 1 in Throwing
  1307 | D:3      | Reached skill level 1 in Dodging
  1307 | D:3      | Reached skill level 1 in Stealth
  1307 | D:3      | Reached skill level 1 in Unarmed Combat
  1307 | D:3      | Reached skill level 1 in Spellcasting
  1307 | D:3      | Reached skill level 1 in Conjurations
  1307 | D:3      | Reached skill level 1 in Hexes
  1307 | D:3      | Reached skill level 1 in Charms
  1307 | D:3      | Reached skill level 1 in Summonings
  1307 | D:3      | Reached skill level 1 in Necromancy
  1307 | D:3      | Reached skill level 1 in Translocations
  1307 | D:3      | Reached skill level 1 in Transmutations
  1307 | D:3      | Reached skill level 1 in Fire Magic
  1307 | D:3      | Reached skill level 1 in Ice Magic
  1307 | D:3      | Reached skill level 1 in Air Magic
  1307 | D:3      | Reached skill level 1 in Earth Magic
  1307 | D:3      | Reached skill level 1 in Poison Magic
  1307 | D:3      | Reached skill level 1 in Invocations
  1307 | D:3      | Reached skill level 1 in Evocations
  1307 | D:3      | Reached XP level 4. HP: 35/41 MP: 3/5
  1313 | D:3      | Reached XP level 5. HP: 22/47 MP: 3/6
  1389 | D:3      | Noticed Terence
  1415 | D:2      | Killed Terence
  1415 | D:2      | Reached XP level 6. HP: 30/53 MP: 8/8
  1796 | D:3      | Reached skill level 5 in Long Blades
  2008 | D:3      | Found a runed door.
  2012 | D:3      | Noticed Crazy Yiuf
  2024 | D:3      | Killed Crazy Yiuf
  2559 | D:4      | Found Yryiwotz's Assorted Antiques.
  2628 | D:4      | Bought a scroll labeled ONIYHO RIOR for 29 gold pieces
  2628 | D:4      | Bought a scroll labeled PASMIO GUUGE for 29 gold pieces
  2628 | D:4      | Bought a scroll labeled WIR CALOANONUH for 29 gold pieces
  2628 | D:4      | Bought a scroll labeled ONIYHO RIOR for 29 gold pieces
  2628 | D:4      | Bought a scroll labeled SAXKUTIRECS for 29 gold pieces
  2816 | D:4      | Reached XP level 7. HP: 56/59 MP: 8/10
  3201 | D:5      | Entered Level 5 of the Dungeon
  3201 | D:5      | Noticed Edmund
  3207 | D:5      | Noticed Grinder
  3275 | D:5      | Reached XP level 8. HP: 63/67 MP: 10/12
  3440 | D:5      | Found Upniecikog's Distillery.
  3446 | D:5      | Bought a potion of degeneration for 11 gold pieces
  3547 | D:5      | Killed Edmund
  3567 | D:5      | Noticed Eustachio
  3717 | D:5      | Killed Eustachio
  3845 | D:5      | Paralysed by Grinder for 6 turns
  3855 | D:5      | Killed Grinder
  3986 | D:5      | Found a sacrificial altar of Ru.
  4067 | D:5      | Reached XP level 9. HP: 50/72 MP: 14/14
  4071 | D:5      | Learned a level 2 spell: Slow
  4204 | D:6      | Found a sand-covered staircase.
  4274 | Ossuary  | Entered an ossuary
  4648 | Ossuary  | Gained mutation: You are occasionally teleported next to monsters. [potion of mutation]
  4648 | Ossuary  | Gained mutation: You are robust. (+10% HP) [potion of mutation]
  4648 | Ossuary  | Gained mutation: You expend magic power (3 MP) to strengthen your wands. [potion of mutation]
  4648 | Ossuary  | Gained mutation: You are agile. (Dex +2) [potion of mutation]
  5150 | D:7      | Found a staircase to the Ecumenical Temple.
  5158 | Temple   | Entered the Ecumenical Temple
  5296 | Temple   | Became a worshipper of Warmaster Okawaru
  5467 | D:7      | Noticed Dominolapin's ghost (novice TrAM)
  5487 | D:7      | Killed Dominolapin's ghost
  5487 | D:7      | Reached * piety under Okawaru
  5487 | D:7      | Reached XP level 10. HP: 67/88 MP: 11/17
  5551 | D:7      | Reached skill level 5 in Short Blades
  5551 | D:7      | Reached skill level 5 in Axes
  5551 | D:7      | Reached skill level 5 in Maces & Flails
  5551 | D:7      | Reached skill level 5 in Polearms
  5551 | D:7      | Reached skill level 5 in Staves
  5551 | D:7      | Reached skill level 5 in Slings
  5551 | D:7      | Reached skill level 5 in Bows
  5551 | D:7      | Reached skill level 5 in Crossbows
  5551 | D:7      | Reached skill level 5 in Throwing
  5551 | D:7      | Reached skill level 5 in Dodging
  5551 | D:7      | Reached skill level 5 in Stealth
  5551 | D:7      | Reached skill level 5 in Unarmed Combat
  5551 | D:7      | Reached skill level 5 in Spellcasting
  5551 | D:7      | Reached skill level 5 in Conjurations
  5551 | D:7      | Reached skill level 5 in Hexes
  5551 | D:7      | Reached skill level 5 in Charms
  5551 | D:7      | Reached skill level 5 in Summonings
  5551 | D:7      | Reached skill level 5 in Necromancy
  5551 | D:7      | Reached skill level 5 in Translocations
  5551 | D:7      | Reached skill level 5 in Transmutations
  5551 | D:7      | Reached skill level 5 in Fire Magic
  5551 | D:7      | Reached skill level 5 in Ice Magic
  5551 | D:7      | Reached skill level 5 in Air Magic
  5551 | D:7      | Reached skill level 5 in Earth Magic
  5551 | D:7      | Reached skill level 5 in Poison Magic
  5551 | D:7      | Reached skill level 5 in Invocations
  5551 | D:7      | Reached skill level 5 in Evocations
  5872 | D:7      | Gained mutation: Your body sometimes deteriorates upon taking damage. [mutagenic meat]
  6139 | D:8      | Found an ornate altar of the Wu Jian Council.
  6188 | D:8      | Reached ** piety under Okawaru
  6395 | D:8      | Found Ytill's General Store.
  6521 | D:8      | Noticed Nico3ck's ghost (novice GnWn)
  6534 | D:8      | Killed Nico3ck's ghost
  6811 | D:9      | Found a staircase to the Lair.
  6896 | D:9      | Reached *** piety under Okawaru
  7239 | D:9      | Reached XP level 11. HP: 95/95 MP: 5/19
  7374 | D:9      | Found a deep blue altar of Sif Muna.
  7485 | D:10     | Entered Level 10 of the Dungeon
  7633 | D:10     | Reached **** piety under Okawaru
  7739 | D:10     | Received a gift from Okawaru
  7889 | D:10     | Learned a level 1 spell: Corona
  7925 | D:10     | Identified 2 scrolls of acquirement
  7931 | D:10     | Got a jewelled buckler
  7942 | D:10     | Identified the +2 buckler "Dont" {+Inv rF+ Int+3} (You acquired it on level 10 of the Dungeon)
  8029 | D:10     | Learned a level 5 spell: Irradiate
  8237 | D:10     | Killed an unseen horror
  8721 | D:10     | Noticed Harold
  8735 | D:10     | Killed Harold
  9256 | D:11     | Noticed Urug
  9275 | D:11     | Killed Urug
  9275 | D:11     | Received a gift from Okawaru
  9704 | D:11     | Noticed a red ugly thing
  9713 | D:11     | Killed a red ugly thing
  9720 | D:11     | Lost mutation: Your body sometimes deteriorates upon taking damage. [mutagenic meat]
  9722 | D:11     | Gained mutation: You have an increased reservoir of magic. (+10% MP) [mutagenic meat]
  9774 | D:11     | Noticed a manticore
  9785 | D:11     | Killed a manticore
  9870 | D:11     | Found a staircase to the Orcish Mines.
  9887 | D:11     | Noticed an unseen horror
  9905 | D:11     | Killed an unseen horror
  9905 | D:11     | Received a gift from Okawaru
  9905 | D:11     | Reached ***** piety under Okawaru
  9962 | D:12     | Noticed an unseen horror
  9971 | D:12     | Killed an unseen horror
 10021 | D:12     | Received a gift from Okawaru
 10084 | D:12     | Noticed a deep elf mage
 10091 | D:12     | Reached XP level 12. HP: 97/105 MP: 21/24
 10118 | D:12     | Found Miujahug's General Store.
 10169 | D:12     | Received a gift from Okawaru
 10425 | D:12     | Found a shimmering altar of Xom.
 10426 | D:12     | Found the -2 mace of Variability {chaos}
 10702 | D:12     | Noticed Snorg
 10727 | D:12     | Killed Snorg
 11460 | Orc:1    | Entered Level 1 of the Orcish Mines
 11460 | Orc:1    | Noticed an orc warlord
 11502 | D:11     | Killed an orc warlord
 11566 | D:11     | Noticed a two-headed ogre
 11580 | D:11     | Killed a two-headed ogre
 11732 | D:11     | Learned a level 4 spell: Animate Dead
 12336 | Orc:1    | Reached skill level 10 in Fighting
 12336 | Orc:1    | Reached skill level 10 in Armour
 12336 | Orc:1    | Reached skill level 10 in Shields
 12391 | Orc:1    | Received a gift from Okawaru
 12628 | Orc:2    | Entered Level 2 of the Orcish Mines
 12631 | Orc:2    | Paralysed by an orc sorcerer for 7 turns
 12795 | Orc:2    | Noticed an ettin
 12810 | Orc:2    | Killed an ettin
 12811 | Orc:2    | Found a staircase to the Elven Halls.
 12884 | Orc:2    | Reached XP level 13. HP: 22/113 MP: 1/27
 12951 | Orc:2    | Received a gift from Okawaru
 12979 | Orc:2    | Paralysed by an orc sorcerer for 6 turns
 12981 | Orc:2    | HP: 4/113 [orc sorcerer/bolt of fire (6)]
 12981 | Orc:2    | Mangled by a chaos spawn

Vault maps used:
D:1:      ncdulo_lavacross
D:2:      xom_teletrap_fun, nicolae_overflow_crystal_walls,
          gammafunk_temple_overflow_wave, first_bread
D:3:      uniq_crazy_yiuf_cottage, uniq_terence
D:4:      serial_shops, shop, kennysheep_minor_cross
D:5:      serial_shops, nicolae_shop_waterfront,
          nicolae_ru_the_path_less_chosen, uniq_edmund, uniq_eustachio,
          uniq_grinder
D:6:      minmay_flawed_box, enter_ossuary_1, serial_glass, glass_columns_a,
          glass_columns_a
D:7:      minmay_temple_entry_glassed_door, serial_corexii_hall,
          corexii_hall_statues_deadend, corexii_hall_statues_u, the_bakery
D:8:      kennysheep_mini, serial_shops, shop
D:9:      led_sif_book, lair_entry_dummy, kennysheep_generic_room_12
D:10:     uniq_harold
D:11:     orc_0_dummy, uniq_urug
D:12:     serial_shops, nicolae_shop_trees, minmay_guarded_unrand_variability,
          uniq_snorg
Temple:   nicolae_temple_elliptical
Orc:2:    st_orc_mages, basic_altar
Ossuary:  ossuary_tomb_2

Skill      XL: |  1  2  3  4  5  6  7  8  9 10 11 12 |
---------------+-------------------------------------+-----
Short Blades   | 1 2 3 4 5 6 7 |  7.7
Axes           | 1 2 3 4 5 6 7 |  7.7
Maces & Flails | 1 2 3 4 5 6 7 |  7.7
Polearms       | 1 2 3 4 5 6 7 |  7.7
Staves         | 1 2 3 4 5 6 7 |  7.7
Slings         | 1 2 3 4 5 6 7 |  7.7
Bows           | 1 2 3 4 5 6 7 |  7.7
Crossbows      | 1 2 3 4 5 6 7 |  7.7
Throwing       | 1 2 3 4 5 6 7 |  7.7
Dodging        | 1 2 3 4 5 6 7 |  7.7
Stealth        | 1 2 3 4 5 6 7 |  7.7
Unarmed Combat | 1 2 3 4 5 6 7 |  7.7
Spellcasting   | 1 2 3 4 5 6 7 |  7.7
Conjurations   | 1 2 3 4 5 6 7 |  7.7
Hexes          | 1 2 3 4 5 6 7 |  7.7
Charms         | 1 2 3 4 5 6 7 |  7.7
Summonings     | 1 2 3 4 5 6 7 |  7.7
Necromancy     | 1 2 3 4 5 6 7 |  7.7
Translocations | 1 2 3 4 5 6 7 |  7.7
Transmutations | 1 2 3 4 5 6 7 |  7.7
Fire Magic     | 1 2 3 4 5 6 7 |  7.7
Ice Magic      | 1 2 3 4 5 6 7 |  7.7
Air Magic      | 1 2 3 4 5 6 7 |  7.7
Earth Magic    | 1 2 3 4 5 6 7 |  7.7
Poison Magic   | 1 2 3 4 5 6 7 |  7.7
Invocations    | 1 2 3 4 5 6 7 |  7.7
Evocations     | 1 2 3 4 5 6 7 |  7.7
Long Blades    | 5 6 7 8 9 |  9.0
Fighting       | 7 8 9 10 | 10.1
Armour         | 7 8 9 10 | 10.1
Shields        | 7 8 9 10 | 10.1

Action                   |  1- 3 |  4- 6 |  7- 9 | 10-12 | 13-15 || total
-------------------------+-------+-------+-------+-------+-------++-------
Melee: Long sword        |    74 |   168 |   202 |       |       ||   444
       Bite              |     5 |    28 |    79 |   128 |       ||   240
       Falchion          |       |       |   269 |   582 |     4 ||   855
       Dagger            |       |       |     9 |       |       ||     9
       Great sword       |       |       |       |    34 |       ||    34
Throw: Javelin           |       |       |       |    18 |     5 ||    23
 Cast: Slow              |       |       |     1 |     7 |     1 ||     9
       Corona            |       |       |       |     7 |       ||     7
       Animate Dead      |       |       |       |    12 |       ||    12
Invok: Heroism           |       |       |       |     4 |     1 ||     5
       Finesse           |       |       |       |     4 |       ||     4
 Abil: Evoke Invisibilit |       |       |       |     2 |     1 ||     3
Evoke: Wand              |       |       |       |    13 |       ||    13
  Use: Potion            |     1 |     8 |     8 |     7 |     1 ||    25
       Scroll            |       |       |    14 |    17 |     1 ||    32
 Stab: Sleeping          |       |       |     4 |    15 |       ||    19
       Confused          |       |       |       |     2 |       ||     2
       Invisible         |       |       |       |       |     3 ||     3
  Eat: Chunk             |     1 |     5 |     4 |    19 |     1 ||    30
       Meat ration       |       |       |     1 |     3 |       ||     4
Armor: Scale mail        |    22 |    14 |       |       |       ||    36
       Chain mail        |       |    42 |    60 |       |       ||   102
       Skin              |       |       |    73 |       |       ||    73
       Leather armour    |       |       |    62 |   114 |     1 ||   177
       Plate armour      |       |       |       |    56 |       ||    56
Dodge: Dodged            |    21 |    35 |   195 |   379 |     2 ||   632
Block: Shield            |    56 |    70 |   300 |   101 |       ||   527
       Buckler           |       |       |       |   189 |       ||   189
       Rpst.: Long sword |     4 |    16 |    19 |       |       ||    39
       Falchion          |       |       |    34 |    70 |     1 ||   105
       Great sword       |       |       |       |    15 |       ||    15

Table legend:
 A = Spawn XP
 B = Non-spawn XP
 C = Spawn XP percentage of total XP
 D = Spawn monster count
 E = Non-spawn monster count
 F = Spawn count percentage of total count
 G = Total turns spent on level
                    A         B        C        D         E        F      G
               +---------+---------+-------+---------+---------+-------+---------
         Total |       0 |   32574 |   0.0 |       0 |     371 |   0.0 | 12981
               +---------+---------+-------+---------+---------+-------+---------
           D:1 |       0 |      25 |   0.0 |       0 |      12 |   0.0 |   577
           D:2 |       0 |      60 |   0.0 |       0 |      15 |   0.0 |   917
           D:3 |       0 |     435 |   0.0 |       0 |      41 |   0.0 |   898
           D:4 |       0 |     396 |   0.0 |       0 |      18 |   0.0 |   880
           D:5 |       0 |    1398 |   0.0 |       0 |      24 |   0.0 |   803
           D:6 |       0 |    1459 |   0.0 |       0 |      30 |   0.0 |   601
           D:7 |       0 |    1638 |   0.0 |       0 |      20 |   0.0 |   736
           D:8 |       0 |    2080 |   0.0 |       0 |      19 |   0.0 |   771
           D:9 |       0 |    1550 |   0.0 |       0 |      20 |   0.0 |   744
          D:10 |       0 |    3962 |   0.0 |       0 |      24 |   0.0 |  1452
          D:11 |       0 |    7000 |   0.0 |       0 |      31 |   0.0 |  1335
          D:12 |       0 |    6814 |   0.0 |       0 |      37 |   0.0 |  1459
         Orc:1 |       0 |    2852 |   0.0 |       0 |      37 |   0.0 |  1018
         Orc:2 |       0 |    2463 |   0.0 |       0 |      10 |   0.0 |   232
       Ossuary |       0 |     442 |   0.0 |       0 |      33 |   0.0 |   396
               +---------+---------+-------+---------+---------+-------+---------
